 Dungeon Crawl Stone Soup version 0.31.0-12-g77e489cdc1 (webtiles) character file.

Game seed: 7014479646483838340

125305 Amplified the Demonic Catastrophe (level 16, -6/132 HPs)
             Began as a Demonspawn Wanderer on Mar 6, 2024.
             Was an Elder of Qazlal.
             Mangled by a spriggan rider
             ... wielding a +0 spear
              (21 damage)
             ... on level 3 of the Swamp.
             The game lasted 00:41:50 (26466 turns).

Amplified the Demonic Catastrophe (DsWn)           Turns: 26466, Time: 00:41:51

Health: -6/132     AC: 16    Str: 21    XL:     16   Next: 18%
Magic:  27/28      EV: 17    Int: 12    God:    Qazlal [****..]
Gold:   652        SH: 20    Dex: 15    Spells: 17/17 levels left

rFire   + + +        P - +11 morningstar of Armageddon {spect, Will+}
rCold   + . .        h - +4 kite shield
rNeg    . . .        V - +3 ring mail of Makhleb's Regard {rF+++ Will+ Stlth-}
rPois   .            (helmet unavailable)
rElec   .            R - +2 cloak
rCorr   .            g - +0 pair of gloves
SInv    .            (no boots)
Will    +++..        E - amulet of faith Stlth
                     o - +5 ring of evasion
HPRegen 0.42/turn    S - ring of Vuydommu {rF+ rC+ Str+2}
MPRegen 0.21/turn

%: repel missiles, faith
@: about to teleport, protected from physical damage
A: horns 3, demonic guardian 2, powered by pain 2, sturdy frame 3
a: Renounce Religion, Upheaval, Elemental Force


You were on level 3 of the Swamp.
You worshipped Qazlal.
Qazlal was greatly pleased with you.
You visited 5 branches of the dungeon, and saw 26 of its levels.
You also visited: Sewer.

You collected 2675 gold pieces.
You spent 2023 gold pieces at shops.

Inventory:

Hand Weapons
 a - a +0 heavy broad axe
 P - the +11 morningstar of Armageddon (weapon) {spect, Will+}
   (You bought it in a shop on level 2 of the Orcish Mines)

   Will+:     It increases your willpower.
Missiles
 l - 8 curare-tipped darts (quivered)
 r - 36 poisoned darts
 t - 7 throwing nets
Armour
 g - a +0 pair of gloves (worn)
 h - a +4 kite shield (worn)
 A - a +4 chain mail of poison resistance
 J - a +3 ring mail of fire resistance
 Q - the +2 ring mail of Dust Devil {Int+6 Slay+4}
   (You bought it in a shop on level 2 of the Orcish Mines)

   Int+6:     It affects your intelligence (+6).
   Slay+4:    It affects your accuracy & damage with ranged weapons and melee
   (+4).
 R - a +2 cloak (worn)
 V - the +3 ring mail of Makhleb's Regard (worn) {rF+++ Will+ Stlth-}
   (You bought it in a shop on level 15 of the Dungeon)

   rF+++:     It renders you almost immune to fire.
   Will+:     It increases your willpower.
   Stlth-:    It makes you less stealthy.
Jewellery
 i - a ring of protection from cold
 o - a +5 ring of evasion (left hand)
 y - a ring of see invisible
 B - a ring of willpower
 E - an amulet of faith (around neck)
 F - a ring of positive energy
 S - the ring of Vuydommu (right hand) {rF+ rC+ Str+2}
   (You bought it in a shop on level 2 of the Orcish Mines)

   [ring of protection from fire]

   Str+2:     It affects your strength (+2).
   rF+:       It protects you from fire.
   rC+:       It protects you from cold.
Talismans
 m - a maw talisman
Wands
 H - a wand of roots (16)
 L - a wand of flame (50)
 M - a wand of digging (12)
 O - a wand of mindburst (3)
 T - a wand of acid (8)
Scrolls
 c - 2 scrolls of revelation
 d - 6 scrolls of teleportation
 j - 4 scrolls of immolation
 p - 3 scrolls of brand weapon
 u - a scroll of enchant armour
 v - 2 scrolls of poison
 x - 3 scrolls of identify
 z - a scroll of silence
 G - 3 scrolls of noise
 I - 4 scrolls of amnesia
 K - a scroll of fog
 N - a scroll of torment
Potions
 b - 7 potions of curing
 e - a potion of cancellation
 f - a potion of might
 k - a potion of haste
 n - 3 potions of attraction
 q - 4 potions of mutation
 s - 2 potions of brilliance
 w - a potion of lignification
 C - a potion of heal wounds
 D - 2 potions of enlightenment


   Skills:
 * Level 13.8 Fighting
 - Level 10.4(13.9) Axes
 - Level 14.7(16.0) Maces & Flails
 - Level 1.0 Ranged Weapons
 - Level 1.9 Throwing
 * Level 3.2 Armour
 * Level 3.2 Dodging
 * Level 9.6 Shields
 - Level 1.0 Spellcasting
 - Level 2.0 Hexes
 * Level 17.3 Invocations
 - Level 4.0 Evocations


You had 17 spell levels left.
You didn't know any spells.
Your spell library contained the following spells:

 Spells                   Type           Power      Damage    Failure   Level
 Slow                     Hex            20%        N/A       26%         1
 Shock                    Conj/Air       0%         1d3       50%         1
 Sigil of Binding         Hex            5%         N/A       58%         3
 Tukima's Dance           Hex            5%         N/A       58%         3
 Dazzling Flash           Conj/Hex       6%         N/A       75%         3
 Inner Flame              Hex/Fire       3%         N/A       75%         3
 Call Canine Familiar     Summ           0%         N/A       86%         3
 Swiftness                Air            0%         N/A       86%         3
 Volatile Blastmotes      Fire/Tloc      0%         2d10      86%         3
 Dimensional Bullseye     Hex/Tloc       1%         N/A       98%         4
 Airstrike                Air            0%         2d(0-16)  99%         4
 Brom's Barrelling Bould  Conj/Erth      0%         2d3       99%         4
 Flame Wave               Conj/Fire      0%         2d4       99%         4
 Iskenderun's Mystic Bla  Conj/Tloc      0%         2d3       99%         4
 Sticky Flame             Fire/Alch      0%         2d4       99%         4
 Alistair's Intoxication  Alch           0%         N/A       100%        5
 Borgnjor's Vile Clutch   Necr/Erth      0%         N/A       100%        5
 Fireball                 Conj/Fire      0%         3d3       100%        5
 Iskenderun's Battlesphe  Conj           0%         2d6       100%        5
 Conjure Ball Lightning   Conj/Air       0%         3x3d6     100%        6
 Eringya's Noxious Bog    Alch           0%         4d6       100%        6
 Starburst                Conj/Fire      0%         6d3       100%        6
 Orb of Destruction       Conj           0%         9d5       100%        7
 Maxwell's Capacitive Co  Air            0%         ∞         100%        8


Dungeon Overview and Level Annotations

Branches:
Dungeon (15/15)            Temple (1/1) D:4            Lair (5/5) D:9
  Swamp (3/4) Lair:2        Snake (0/4) Lair:2        Slime (0/5) Lair:5
    Orc (2/2) D:12            Elf (0/3) Orc:2        Vaults (0/5) D:13
 Depths (0/4) D:15          Sewer (visited)

Altars:
Ashenzari
Cheibriados
Dithmenos
Fedhas
Gozag
Hepliaklqana
Kikubaaqudgha
Makhleb
Nemelex Xobeh
Okawaru
Qazlal
Ru
Sif Muna
Trog
Uskayaw
Vehumet
Wu Jian
Xom
Yredelemnul
Jiyva

Shops:
D:7 *   D:10 [   D:15 (*   Orc:1 (:(*   Orc:2 *?([=

Annotations:
D:7 exclusion: oklob plant
D:12 Get Eos
Orc:1 Acquire money'


Innate Abilities, Weirdness & Mutations

You have a pair of large horns on your head.
A demonic guardian rushes to your aid.
You sometimes gain power by taking damage.
Your movements are significantly less encumbered by armour. (ER -6)


Message History

The blast of ice hits the swamp worm!!!
You kill the swamp worm!
Qazlal accepts your kill.
Unknown command.
Unknown command.
You hear a chilling moan.
The spriggan rider is engulfed in blazing flames.
You block the spriggan rider's attack.
You hear a shout!
You miss the spriggan rider. You headbutt the spriggan rider!
You kill the spriggan rider!
Qazlal accepts your kill.
You kill the hornet!
Qazlal accepts your kill.
Unknown command.
Unknown command. 2 spriggan riders come into view.
A spriggan rider is wielding a +0 spear and quivering curare-tipped darts.
A spriggan rider is wielding a +0 spear and quivering curare-tipped darts.
The spriggan rider shouts!
The spriggan rider moves out of view. x2
You see here a potion of brilliance.
s - 2 potions of brilliance (gained 1)
The spriggan druid shouts!
The bunyip howls a warning cry!
The will-o-the-wisp gestures.
The will-o-the-wisp conjures some marshlight!
You hear a roar!
You hear a chilling moan.
You hear a roar!
Unknown command.
Unknown command.
As you read the scroll of teleportation, it crumbles to dust.
You feel strangely unstable.
A foxfire comes into view.
The spriggan druid calls out to the beasts of the wild!
The bunyip claws you!!
* * * LOW HITPOINT WARNING * * *
The bunyip claws you!!
* * * LOW HITPOINT WARNING * * *
A demonic guardian appears!
You focus on the pain.
You feel your power returning. The bunyip misses you.
The spriggan rider hits you from afar with a +0 spear!!
You die...

♣♣.§i#i##≈≈♣
♣<~~~)†x$..≈≈.
♣.#~.≈.≈)..♣...
♣♣♣#iv......R~.~.
♣..#.÷§≈≈#....~..
...†≈v####..≈.~..
.#i#X§3# ..v
.##.##x.☼.+
.......@..#
......#...#
.#....#○..# ##.#
..### ... ....
♣.. ..... ♣ ..§.~
..~~~.


You could see a tentacled monstrosity (ally target), a bunyip (catching breath),
a spriggan rider, a spriggan druid (drained), a will-o-the-wisp and a friendly
smoke demon (summoned).

Vanquished Creatures
  Rupert (D:15)
  Agnes (D:15)
  A thorn hunter (Swamp:1)
  A frost giant (D:15)
  Roxanne (D:15)
  4 ghouls (Swamp:2)
  Nessos (D:13)
  A stone giant (Orc:2)
  2 eleionomae
  2 bunyips (Swamp:1)
  4 ettins (Orc:2)
  Harold (D:11)
  9 hydras
  Erolcha (D:9)
  A shambling mangrove (Swamp:3)
  A boulder beetle (D:14)
  4 two-headed ogres
  A death knight (D:15)
  3 catoblepae (Lair:5)
  13 death yaks (Lair:5)
  3 centaur warriors
  4 alligators
  4 tengu warriors
  A skeletal warrior (D:15)
  3 goliath frogs
  A swamp dragon (Swamp:1)
  A spriggan druid (Swamp:2)
  2 arcanists (D:13)
  3 bog bodies (Swamp:1)
  A phantasmal warrior (D:15)
  A deep elf pyromancer (D:15)
  An orc sorcerer (Orc:1)
  An orc knight (D:15)
  3 ugly things
  A meliai (D:14)
  2 oklob plants (Lair:3)
  10 elephants
  9 cyclopes
  9 manticores
  Joseph (D:7)
  3 kobold blastminers
  2 gargoyles
  2 black mambas
  12 cane toads
  2 unseen horrors
  An efreet (D:14)
  A freezing wraith (D:15)
  4 kobold demonologists
  2 rime drakes (Lair:1)
  5 komodo dragons
  2 tengu conjurers (D:15)
  Psyche (D:12)
  3 red devils (D:10)
  4 tyrant leeches
  A polar bear (shapeshifter) (D:14)
  A wind drake (D:7)
  A troll (shapeshifter) (D:15)
  8 hornets
  4 trolls
  3 polar bears
  28 blink frogs
  7 dream sheep (Lair:2)
  9 slime creatures
  6 spriggans
  A shadow (D:12)
  A wraith (D:15)
  39 yaks
  5 basilisks
  A golden eye (D:6)
  6 wyverns
  3 vampire mosquitoes
  7 swamp worms
  2 acid dragons
  17 water moccasins
  A water moccasin (shapeshifter) (D:14)
  10 orc warriors
  A sky beast (D:7)
  A black bear (D:4)
  Pargi (Sewer)
  22 wolves
  5 ogres
  19 centaurs
  A phantom (D:6)
  4 lemures (D:9)
  4 kobold brigands
  10 bullfrogs
  2 gnoll sergeants
  A necrophage (Swamp:2)
  A wight (D:8)
  3 killer bees (D:10)
  3 electric eels
  A howler monkey (D:9)
  A bombardier beetle (D:7)
  14 jellies
  4 hounds
  10 orc priests
  2 gnoll boudas
  3 sleepcaps
  16 orc wizards
  26 gnolls
  14 adders
  2 shadow imps
  A white imp (D:6)
  3 ufetubi
  A dart slug (D:1)
  3 ribbon worms
  51 orcs
  7 bats
  22 endoplasms
  6 giant cockroaches
  8 goblins
  9 hobgoblins
  7 quokkas
  5 ball pythons
  3 frilled lizards
  15 kobolds
  5 rats
  A spectral weapon (Lair:5)
637 creatures vanquished.

Vanquished Creatures (collateral kills)
  A hydra (D:11)
  Pikel (D:9)
  An ugly thing (D:13)
  A cyclops (Orc:2)
  A cane toad (Lair:4)
  2 gargoyles
  A komodo dragon (Lair:4)
  A blink frog (Lair:1)
  A wyvern (D:7)
  A yak (shapeshifter) (D:14)
  A wraith (D:12)
  6 yaks
  2 vampire mosquitoes
  A water moccasin (Lair:5)
  A wolf (Lair:1)
  2 centaurs (D:13)
  A gnoll sergeant (D:5)
  A howler monkey (D:9)
  An orc priest (Orc:1)
  A bombardier beetle (D:3)
  An orc wizard (D:8)
  3 gnolls (D:5)
  An adder (Lair:4)
  A ribbon worm (D:2)
  An orc (Orc:1)
35 creatures vanquished.

Vanquished Creatures (others)
  A centaur (D:13)
  An orc wizard (Orc:2)
  6 spectral weapons
8 creatures vanquished.

Grand Total: 680 creatures vanquished

Notes
Turn   | Place    | Note
-------+----------+-------------------------------------------
     0 | D:1      | Amplified the Demonspawn Wanderer began the quest for the
                  | Orb.
     0 | D:1      | Amplified set off with the following items: a +0 sling, a
                  | wand of polymorph (5), a potion of curing, a +0 leather
                  | armour; and the following spell memorised: Slow; and the
                  | following spells available to memorise: Sigil of Binding,
                  | Dazzling Flash.
     0 | D:1      | Reached XP level 1. HP: 13/13 MP: 2/2
   218 | D:1      | Reached skill level 1 in Fighting
   237 | D:1      | Gained mutation: Your movements are slightly less
                  | encumbered by armour. (ER -2) [demonic ancestry]
   237 | D:1      | Reached XP level 2. HP: 19/21 MP: 3/3
   345 | D:1      | Reached skill level 1 in Maces & Flails
  1018 | D:2      | Gained mutation: A weak demonic guardian rushes to your
                  | aid. [demonic ancestry]
  1018 | D:2      | Reached XP level 3. HP: 27/27 MP: 4/4
  1037 | D:2      | Found a faded altar of an unknown god.
  1052 | D:2      | Prayed at the altar of an unknown god.
  1052 | D:2      | Became a worshipper of Qazlal Stormbringer
  1052 | D:2      | Reached * piety under Qazlal
  1505 | D:2      | Reached skill level 1 in Invocations
  1505 | D:2      | Reached XP level 4. HP: 27/33 MP: 5/5
  1558 | D:2      | Reached skill level 1 in Axes
  1935 | D:3      | Reached ** piety under Qazlal
  1966 | D:3      | Found a glowing drain.
  1978 | Sewer    | Entered a sewer
  2065 | Sewer    | Reached skill level 2 in Invocations
  2130 | Sewer    | Identified the +8 spear of Exquisite Death {drain, *Slow
                  | Int+3 Stlth+}
  2168 | Sewer    | Gained mutation: You have a pair of small horns on your
                  | head. [demonic ancestry]
  2168 | Sewer    | Reached XP level 5. HP: 22/40 MP: 6/6
  2263 | Sewer    | Noticed Pargi
  2265 | Sewer    | Killed Pargi
  2266 | Sewer    | Reached skill level 3 in Invocations
  2276 | Sewer    | Gained mutation: A demonic guardian rushes to your aid.
                  | [demonic ancestry]
  2276 | Sewer    | Reached XP level 6. HP: 45/47 MP: 8/8
  2474 | D:3      | Reached skill level 4 in Invocations
  2610 | D:3      | Found a basalt altar of Yredelemnul.
  2610 | D:3      | Found a broken altar of Ashenzari.
  3330 | D:4      | Reached *** piety under Qazlal
  3551 | D:4      | Reached XP level 7. HP: 53/54 MP: 10/10
  3765 | D:4      | Reached skill level 5 in Invocations
  3965 | D:4      | Found a staircase to the Ecumenical Temple.
  3990 | Temple   | Entered the Ecumenical Temple
  4029 | D:5      | Entered Level 5 of the Dungeon
  4123 | D:5      | Found a hide-covered altar of Uskayaw.
  4141 | D:5      | Reached skill level 5 in Fighting
  4323 | D:5      | Reached skill level 6 in Invocations
  4655 | D:5      | Reached XP level 8. HP: 62/62 MP: 12/12
  5399 | D:6      | Reached **** piety under Qazlal
  5400 | D:6      | Reached skill level 7 in Invocations
  5494 | D:6      | Noticed Maggie
  5496 | D:6      | Maggie changed into Maggie the golden eye
  5496 | D:6      | Noticed Maggie
  5510 | D:6      | Killed Maggie the golden eye
  5511 | D:6      | Reached skill level 5 in Axes
  5744 | D:6      | Found a sparkling altar of Nemelex Xobeh.
  5745 | D:6      | Found an opulent altar of Gozag.
  5827 | D:6      | Found a shadowy altar of Dithmenos.
  6062 | D:7      | Reached skill level 8 in Invocations
  6323 | D:7      | Gained mutation: Your movements are less encumbered by
                  | armour. (ER -4) [demonic ancestry]
  6323 | D:7      | Reached XP level 9. HP: 35/71 MP: 8/15
  6439 | D:7      | Found Tejyruditsa's Assorted Antiques.
  6448 | D:7      | Bought a scroll labelled VOOVYO ZONT for 20 gold pieces
  6481 | D:7      | Bought a runed chain mail for 150 gold pieces
  6514 | D:7      | Noticed an oklob plant
  6558 | D:7      | Noticed Jeremiah
  6559 | D:7      | Jeremiah changed into Jeremiah the wind drake
  6559 | D:7      | Noticed Jeremiah
  6816 | D:8      | Reached skill level 9 in Invocations
  6922 | D:8      | Found a snail-covered altar of Cheibriados.
  7717 | D:9      | Reached skill level 10 in Invocations
  7803 | D:10     | Entered Level 10 of the Dungeon
  8167 | D:10     | Found a shimmering altar of Xom.
  8242 | D:10     | Noticed a red devil
  8256 | D:10     | Killed a red devil
  8257 | D:10     | Gained mutation: Your movements are significantly less
                  | encumbered by armour. (ER -6) [demonic ancestry]
  8257 | D:10     | Reached XP level 10. HP: 82/82 MP: 10/17
  8418 | D:10     | Reached skill level 11 in Invocations
  8796 | D:10     | Found Ociett's Armour Shop.
  9016 | D:11     | Noticed Harold
  9027 | D:11     | Killed Harold
  9028 | D:11     | Reached skill level 1 in Shields
  9067 | D:11     | Noticed a brown ugly thing
  9071 | D:11     | Noticed a two-headed ogre
  9082 | D:11     | Killed a brown ugly thing
  9091 | D:11     | Killed a two-headed ogre
  9092 | D:11     | Reached skill level 12 in Invocations
  9316 | D:11     | Gained mutation: You sometimes gain a little power by
                  | taking damage. [demonic ancestry]
  9316 | D:11     | Reached XP level 11. HP: 90/90 MP: 13/20
  9754 | D:11     | Noticed a six-headed hydra
  9818 | D:9      | Noticed a two-headed ogre
  9825 | D:9      | Killed a two-headed ogre
  9826 | D:9      | Reached skill level 10 in Fighting
  9920 | D:9      | Noticed Pikel
  9921 | D:9      | Found a staircase to the Lair.
  9946 | D:9      | Killed Pikel
 10135 | D:9      | Noticed Erolcha
 10137 | D:9      | Killed Erolcha
 10227 | D:9      | Reached skill level 13 in Invocations
 10505 | D:7      | Noticed Joseph
 10517 | D:7      | Killed Joseph
 11178 | D:7      | Killed Jeremiah the wind drake
 11893 | D:11     | Killed a six-headed hydra
 11894 | D:11     | Reached skill level 5 in Shields
 12243 | D:12     | Noticed a deep elf pyromancer
 12247 | D:12     | Banished a deep elf pyromancer
 12316 | D:12     | Noticed a green ugly thing
 12323 | D:12     | Reached XP level 12. HP: 88/100 MP: 16/22
 12349 | D:12     | Reached skill level 10 in Axes
 12437 | D:12     | Found a staircase to the Orcish Mines.
 12498 | D:12     | Reached skill level 14 in Invocations
 13003 | D:12     | Noticed Psyche
 13010 | D:12     | Killed Psyche
 13257 | Orc:1    | Entered Level 1 of the Orcish Mines
 13595 | Orc:1    | Found Haedaumia's Antique Weapon Shoppe.
 13614 | Orc:1    | Found Yfeuvygu's Antique Weapon Shoppe.
 13757 | Orc:1    | Found Cicadu's Book Shop.
 13890 | Orc:1    | Found a burning altar of Makhleb.
 13898 | Orc:1    | Found Dastyf Ekag's Assorted Antiques.
 14063 | Orc:2    | Entered Level 2 of the Orcish Mines
 14063 | Orc:2    | Noticed an ettin
 14063 | Orc:2    | Found Dear's Jewellery Emporium.
 14105 | D:13     | Noticed a seven-headed hydra
 14116 | D:12     | Killed a seven-headed hydra
 14276 | D:13     | Noticed a centaur warrior
 14352 | D:13     | Banished a centaur warrior
 14358 | D:13     | Reached skill level 15 in Invocations
 14562 | D:13     | Noticed Nessos
 14564 | D:13     | HP: 5/102 [Nessos/arrow (9)]
 14568 | D:13     | Killed Nessos
 14842 | D:13     | Gained mutation: You have a pair of horns on your head.
                  | [demonic ancestry]
 14842 | D:13     | Reached XP level 13. HP: 94/108 MP: 24/24
 15008 | D:13     | Found a hazy altar of Hepliaklqana.
 15134 | D:13     | Found a gate to the Vaults.
 16855 | D:14     | Reached skill level 5 in Maces & Flails
 17202 | D:15     | Entered Level 15 of the Dungeon
 17202 | D:15     | Noticed Roxanne
 17333 | Orc:2    | Found Osipewid's Magic Scroll Shop.
 17509 | Orc:2    | Reached skill level 16 in Invocations
 17531 | Orc:2    | Killed an ettin
 17546 | Orc:2    | Noticed a stone giant
 17554 | Orc:2    | Killed a stone giant
 17579 | Orc:2    | Found Tucsywih's General Store.
 17581 | Orc:2    | Noticed an ettin
 17588 | Orc:2    | Killed an ettin
 17766 | Orc:2    | Found a staircase to the Elven Halls.
 17772 | Orc:2    | Noticed an ettin
 17781 | Orc:2    | Killed an ettin
 17905 | Orc:2    | Noticed an ettin
 17913 | Orc:2    | Killed an ettin
 18083 | Orc:2    | Found Fuhighur's Antique Armour Shoppe.
 18213 | Orc:2    | Found Ecoobrot's Antique Weapon Emporium.
 18468 | Orc:2    | Bought a faintly glowing morningstar for 270 gold pieces
 18468 | Orc:2    | Identified the +11 morningstar of Armageddon {spect, Will+}
                  | (You bought it in a shop on level 2 of the Orcish Mines)
 18481 | Orc:2    | Bought a jewelled ring mail for 297 gold pieces
 18481 | Orc:2    | Identified the +2 ring mail of Dust Devil {Int+6 Slay+4}
                  | (You bought it in a shop on level 2 of the Orcish Mines)
 18481 | Orc:2    | Bought a glowing cloak for 247 gold pieces
 18499 | Orc:2    | Bought the ring of Vuydommu {rF+ rC+ Str+2} for 691 gold
                  | pieces
 18672 | Lair:1   | Entered Level 1 of the Lair of Beasts
 19005 | Lair:1   | Reached XP level 14. HP: 114/118 MP: 26/26
 19978 | Lair:2   | Found a staircase to the Swamp.
 20281 | Lair:5   | Entered Level 5 of the Lair of Beasts
 20294 | Lair:5   | Reached ***** piety under Qazlal
 20448 | Lair:5   | Reached skill level 10 in Maces & Flails
 20695 | Lair:5   | Got an earthy gem with 1712 turns to spare
 21093 | Lair:5   | Found a staircase to the Slime Pits.
 21096 | Lair:5   | Found a viscous altar of Jiyva.
 21766 | Lair:3   | Reached ****** piety under Qazlal
 21780 | Lair:3   | Gained mutation: You sometimes gain power by taking damage.
                  | [demonic ancestry]
 21780 | Lair:3   | Reached XP level 15. HP: 116/124 MP: 27/27
 22913 | Lair:2   | Identified the +8 morningstar of Chagrin {holy, rElec rC+
                  | Str+2 Dex+3}
 23052 | Lair:2   | Found a staircase to the Snake Pit.
 24230 | D:15     | Noticed Agnes
 24236 | D:15     | Killed Agnes
 24568 | D:15     | Found Goz Naih's Weapon Shop.
 25168 | D:15     | Found Ofraqosi's Assorted Antiques.
 25175 | D:15     | Bought a translucent ring mail for 261 gold pieces
 25175 | D:15     | Identified the +3 ring mail of Makhleb's Regard {rF+++
                  | Will+ Stlth-} (You bought it in a shop on level 15 of the
                  | Dungeon)
 25175 | D:15     | Bought a potion of curing for 87 gold pieces
 25175 | D:15     | Noticed Rupert
 25185 | D:15     | Killed Rupert
 25422 | D:15     | Noticed a frost giant
 25426 | D:15     | Killed a frost giant
 25433 | D:15     | Found a staircase to the Depths.
 25611 | D:15     | Killed Roxanne
 25899 | Swamp:1  | Entered Level 1 of the Swamp
 25958 | Swamp:1  | Reached skill level 1 in Armour
 25997 | Swamp:1  | Reached skill level 1 in Dodging
 26050 | Swamp:1  | Noticed a thorn hunter
 26092 | Swamp:1  | Killed a thorn hunter
 26298 | Swamp:1  | Reached skill level 17 in Invocations
 26357 | Swamp:2  | Gained mutation: You have a pair of large horns on your
                  | head. [demonic ancestry]
 26357 | Swamp:2  | Reached XP level 16. HP: 51/132 MP: 23/28
 26447 | Swamp:3  | Noticed a tentacled monstrosity
 26466 | Swamp:3  | Mangled by a spriggan rider

Illustrated notes

Levels and vault maps discovered:
D:1:      scummos_arrival_hexagon, layout_loops_cross
D:2:      kb_forest_paths, layout_basic, ebering_ecumenical_altar_ruins,
          serial_bayou_pond_e
D:3:      layout_loops_ring, gammafunk_temple_overflow_statue,
          cheibrodos_sewer_entry_sluice
D:4:      layout_gridville, minmay_temple_entry_poolview
D:5:      layout_basic, kennysheep_mini_moat, lemuel_crystal_altar,
          lightli_minifort
D:6:      layout_gridville, grunt_temple_overflow_opulence,
          grunt_dithmenos_smoke, uniq_maggie
D:7:      lemuel_slime, layout_cave_pods, nicolae_elyvilon_temple_path,
          serial_shops, shop, amcnicky_mini_pool_small, item_on_display_a,
          uniq_jeremiah, uniq_joseph
D:8:      layout_loops_corners, slow_altar_1, kennysheep_generic_room_5
D:9:      layout_rooms, erik_lair_orcish_takeover, grunt_decor_junction,
          solitary_fountain, uniq_erolcha, uniq_pikel
D:10:     layout_roguey, mainiacjoe_overflow_cross_hatched, serial_shops,
          nicolae_shop_rolling_square, einodemon_armed_red_devil_minivault
D:11:     layout_basic, uniq_harold
D:12:     layout_cave_pools, david_orc_3, uniq_psyche
D:13:     layout_rooms, david_vaults_1, hangedman_decor_clover_reticule,
          wad_floor_pattern_1, nzn_hepliaklqana_mist_gate, uniq_nessos
D:14:     minmay_skewed_foursquare, layout_loops_ring,
          infiniplex_staircase_pillars_1
D:15:     grunt_enter_depths_snipers, layout_loops_cross, serial_park_square1
          [serial_park_minivault_5x5_6], serial_shops, shop,
          nicolae_shop_hallway_plus, serial_bayou_crossing, uniq_roxanne,
          uniq_agnes, uniq_rupert
Temple:   nicolae_temple_slightly_damp_pantheon
Lair:1:   layout_layer_cave, eino_small_chamber_without_monster,
          serial_bayou_shore_a, grunt_megastairs_3
Lair:2:   layout_loops_ring, alex1729_swamp_entry_worm_eleionoma,
          dummy_snake_entry, st_stairs_3, lemuel_fruit_tree
Lair:3:   minmay_lair_oklob_chamber, layout_chaotic_city, beast_lair_carwin_5,
          grunt_megastairs_4
Lair:4:   minmay_lair_venomous_thicket, layout_regular_city, basic_altar
Lair:5:   evilmike_catoblepas_cave, layout_regular_city,
          minmay_slime_entry_pillars, minivault_24, minivault_27,
          serial_bayou_ford_a, chequers_serial_rivers_small_a,
          infiniplex_staircase_pool_2
Swamp:1:  layout_basic_swamp, evilmike_swamp_ruin_rubble_1, swamp_pool_1_2
Swamp:2:  layout_basic_swamp, evilmike_swamp_ruin_house_4, swamp_pool_3,
          nzn_swamp_stair_ambush
Swamp:3:  layout_basic_swamp, evilmike_swamp_ruin_house_5
Orc:1:    layout_caves, serial_shops, shop_fountains, nicolae_shop_trees, shop,
          nicolae_shop_tiny_waterfront, bloody_makhleb
Orc:2:    grunt_orc_gardens, layout_diamond_mine, grunt_orc_garden,
          grunt_orc_garden, grunt_orc_garden, grunt_orc_garden, serial_shops,
          shop

Skill      XL: |  1  2  3  4  5  6  7  8  9 10 11 12 13 14 15 16 |
---------------+-------------------------------------------------+-----
Fighting       | 1 2 3 4 5 6 8 9 11 12 13 | 13.8
Maces & Flails | 1 3 6 12 14 | 14.7
Invocations    | 1 2 3 4 6 8 10 12 13 15 16 17 | 17.3
Axes           | 1 2 3 4 5 7 8 9 10 | 10.4
Shields        | 2 5 7 8 9 |  9.6
Armour         | 2 3 |  3.2
Dodging        | 2 3 |  3.2
Ranged Weapons | |  1.0
Throwing       | |  1.9
Spellcasting   | |  1.0
Hexes          | |  2.0
Evocations     | |  4.0

Action                     |  1- 3 |  4- 6 |  7- 9 | 10-12 | 13-15 | 16-18 || total
---------------------------+-------+-------+-------+-------+-------+-------++-------
  Melee: Whip              |   138 |       |       |       |       |       ||   138
         Punch             |     1 |       |     1 |     1 |       |       ||     3
         Hand axe          |    21 |   138 |   193 |   370 |    16 |       ||   738
         Headbutt          |       |    11 |    31 |    83 |   151 |     7 ||   283
         Broad axe         |       |       |       |       |   126 |       ||   126
         Morningstar       |       |       |       |       |   492 |    24 ||   516
         Spear             |       |       |       |       |    21 |       ||    21
   Fire: Sling             |    10 |       |       |       |       |       ||    10
  Throw: Dart              |       |       |       |     5 |    12 |       ||    17
   Cast: Slow              |    13 |     1 |       |       |       |       ||    14
 Invoke: Upheaval          |       |       |     8 |    29 |    19 |     1 ||    57
         Elemental Force   |       |       |       |     3 |     2 |       ||     5
         Disaster Area     |       |       |       |       |     1 |     2 ||     3
  Evoke: Wand              |       |     2 |    11 |    22 |     4 |     1 ||    40
    Use: Potion            |     1 |     1 |     1 |     5 |    12 |     5 ||    25
         Scroll            |     5 |     8 |     6 |     6 |    13 |     3 ||    41
   Stab: Invisible         |       |       |       |     3 |       |       ||     3
         Distracted        |       |       |       |     1 |     4 |       ||     5
         Paralysed         |       |       |       |     2 |       |       ||     2
 Armour: Leather armour    |    43 |       |       |       |       |       ||    43
         Ring mail         |    58 |    72 |    79 |       |   171 |    14 ||   394
         Chain mail        |       |       |    53 |   222 |   169 |       ||   444
         Skin              |       |       |       |       |    13 |       ||    13
  Dodge: Dodged            |    82 |    78 |    89 |   213 |   289 |    13 ||   764
         Repelled          |       |       |       |       |     6 |     1 ||     7
  Block: Other             |     4 |    14 |    27 |     8 |       |       ||    53
         Buckler           |       |       |       |   191 |   121 |       ||   312
         Kite shield       |       |       |       |       |   386 |    40 ||   426
